 Seeded DCSS version 0.30.1-4-g462c640d31 (webtiles) character file.

Game seed: 6351066067085065685 (custom seed)

48 Esekla the Magician (level 3, -7/19 HPs)
             Began as a Deep Elf Wanderer on Sept 5, 2023.
             Was an Initiate of Vehumet.
             Mangled by an iguana (13 damage)
             ... on level 2 of the Dungeon.
             The game lasted 00:13:40 (2221 turns).

Esekla the Magician (Deep Elf Wanderer)             Turns: 2221, Time: 00:13:41

Health: -7/19      AC:  4    Str: 11    XL:     3   Next: 50%
Magic:  2/11       EV: 11    Int: 19    God:    Vehumet [......]
Gold:   176        SH:  3    Dex: 11    Spells: 5/12 levels left

rFire   . . .        a - +1 short sword (freeze)
rCold   . . .        d - +0 buckler
rNeg    . . .        c - +0 robe
rPois   .            i - +0 helmet
rElec   .            (no cloak)
rCorr   .            k - +0 pair of gloves
SInv    .            (no boots)
Will    .....        (no amulet)
Stlth   ++           (no ring)
HPRegen 0.23/turn    (no ring)
MPRegen 0.12/turn

%: no passive effects
@: very slightly contaminated
A: no striking features
a: Renounce Religion


You were on level 2 of the Dungeon.
You worshipped Vehumet.
Vehumet was noncommittal.
You visited 1 branch of the dungeon, and saw 4 of its levels.

You collected 176 gold pieces.

Inventory:

Hand Weapons
 a - a +1 short sword of freezing (weapon)
 r - a +0 spear
 s - the +5 rapier of the Hero {heavy, rN+ Dex+3}
   (You found it on level 3 of the Dungeon)

   Dex:       It affects your dexterity (+3).
   rN:        It protects you from negative energy.
Missiles
 w - 3 poisoned darts (quivered)
Armour
 c - a +0 robe (worn)
 d - a +0 buckler (worn)
 i - a +0 helmet (worn)
 k - a +0 pair of gloves (worn)
Wands
 q - a wand of roots (9)
Scrolls
 f - a scroll of fear {unknown}
 g - 3 scrolls of identify {unknown}
 m - a scroll of enchant armour {unknown}
 n - a scroll of amnesia {unknown}
 o - 2 scrolls of enchant weapon {unknown}
 p - a scroll of immolation {unknown}
 v - a scroll of fog {unknown}
Potions
 b - a potion of lignification
 e - a potion of ambrosia {unknown}
 h - 2 potions of curing {unknown}
 j - a potion of mutation {unknown}
 l - 2 potions of attraction {unknown}
 t - a potion of heal wounds {unknown}
 u - 2 potions of brilliance {unknown}
 x - a potion of haste {unknown}


   Skills:
 + Level 0.8 Short Blades
 * Level 1.0 Dodging
 + Level 1.7 Stealth
 + Level 1.5 Shields
 * Level 5.3 Spellcasting
 * Level 0.1 Conjurations
 * Level 1.2 Necromancy
 + Level 2.4 Translocations
 + Level 1.0 Invocations


You had 5 spell levels left.
You knew the following spells:

 Your Spells              Type           Power      Damage    Failure   Level
a - Magic Dart            Conj           20%        1d4       17%         1
b - Blink                 Tloc           28%        N/A       10%         2
d - Vampiric Draining     Necr           9%         2d6       30%         3
p - Apportation           Tloc           28%        N/A       6%          1

Your spell library contained the following spells:

 Spells                   Type           Power      Damage    Failure   Level
 Lesser Beckoning         Tloc           28%        N/A       10%         2
 Gell's Gravitas          Tloc           14%        N/A       19%         3
 Teleport Other           Tloc           14%        N/A       19%         3
 Ignite Poison            Fire/Tmut/Pois 5%         N/A       45%         3


Dungeon Overview and Level Annotations

Branches:
Dungeon (4/15)
 Temple: D:4-7

Altars:
Okawaru
Vehumet
Zin

Shops:
D:2 =   D:4 (


Message History

Casting: Apportation (safe; 6% risk of failure)
Confirm with . or Enter, or press ? or * to list all spells.
The spell is astonishingly dangerous to miscast (30% risk of failure)!
Continue anyway?
Aiming: Vampiric Draining (astonishingly dangerous; 30% risk of failure)
Press: ? - help, Shift-Dir - straight line, f - iguana
Aim: an iguana You miscast Vampiric Draining.
You are very lightly contaminated with residual magic.
Nothing appears to happen.
You block the iguana's attack.
Casting: Vampiric Draining (astonishingly dangerous; 30% risk of failure)
Confirm with . or Enter, or press ? or * to list all spells.
The spell is astonishingly dangerous to miscast (30% risk of failure)!
Continue anyway?
Aiming: Vampiric Draining (astonishingly dangerous; 30% risk of failure)
Press: ? - help, Shift-Dir - straight line, f/p - iguana
Aim: an iguana You draw life force from the iguana.
You feel life coursing into your body. The iguana bites you.
Casting: Vampiric Draining (astonishingly dangerous; 30% risk of failure)
Confirm with . or Enter, or press ? or * to list all spells.
The spell is astonishingly dangerous to miscast (30% risk of failure)!
Continue anyway?
Aiming: Vampiric Draining (astonishingly dangerous; 30% risk of failure)
Press: ? - help, Shift-Dir - straight line, f/p - iguana
Aim: an iguana (moderately wounded)
You draw life force from the iguana!
You feel life coursing into your body. The iguana misses you.
You hit the iguana but do no damage.
The iguana is severely wounded.
The iguana bites you.
* * * LOW HITPOINT WARNING * * *
You closely miss the iguana.
The iguana is severely wounded.
You block the iguana's attack.
You hit the iguana but do no damage.
The iguana is severely wounded.
The iguana barely misses you.
You barely miss the iguana.
The iguana is severely wounded.
The iguana bites you!
Ouch! That really hurt!
You die...

#.##..#####.
######.##<........
#......##........)
###
#.####.##.######.#
#.$ #.......#.. ..#
####.#####.####
#....#8.8#....#
#.8###...###8.#####
#..'..._...@l......
#.8###...###8.#.###
#... #8.8# ....#
##...##### ...##
##... #### ....
#####


You could see an iguana.

Vanquished Creatures
  A dart slug (D:1)
  3 orcs (D:3)
  6 ball pythons
  4 endoplasms
  8 goblins
  3 hobgoblins
  A quokka (D:1)
  4 bats
  3 frilled lizards
  5 kobolds
38 creatures vanquished.

Notes
Turn   | Place    | Note
-------+----------+-------------------------------------------
     0 | D:1      | Esekla the Deep Elf Wanderer began the quest for the Orb.
     0 | D:1      | Esekla set off with the following items: a +0 club, a
                  | potion of lignification, a +0 robe, a +0 buckler; and the
                  | following spells available to memorise: Apportation, Blink,
                  | Lesser Beckoning, Magic Dart, Ignite Poison, Vampiric
                  | Draining.
     0 | D:1      | Reached XP level 1. HP: 10/10 MP: 7/7
   255 | D:2      | Reached XP level 2. HP: 15/15 MP: 9/9
   352 | D:4      | Found a radiant altar of Vehumet.
   363 | D:4      | Found an iron altar of Okawaru.
   374 | D:4      | Found a glowing silver altar of Zin.
   457 | D:4      | Became a worshipper of Vehumet
   470 | D:4      | Learned a level 1 spell: Apportation
   473 | D:4      | Learned a level 2 spell: Blink
   475 | D:4      | Learned a level 1 spell: Magic Dart
   594 | D:3      | Reached skill level 5 in Spellcasting
   832 | D:4      | Found Ponaysk's Antique Weapon Boutique.
  1110 | D:3      | Identified the +5 rapier of the Hero {heavy, rN+ Dex+3}
  1129 | D:2      | Found Renulab's Jewellery Shop.
  1391 | D:3      | Reached skill level 1 in Necromancy
  1391 | D:3      | Reached XP level 3. HP: 10/19 MP: 11/11
  1395 | D:3      | Learned a level 3 spell: Vampiric Draining
  1643 | D:2      | Noticed a black bear
  2061 | D:1      | Reached skill level 1 in Dodging
  2200 | D:2      | Found a faded altar of an unknown god.
  2221 | D:2      | Mangled by an iguana

Illustrated notes

Levels and vault maps discovered:
D:1:      sevenhm_arrival_forest_fort_small_3, layout_rooms,
          chequers_serial_rivers_room_b, minmay_misc_feat_five
D:2:      layout_loops_ring, dreamdust_ecumenical_altar_angels_and_demons,
          serial_shops, shop
D:3:      layout_basic, grunt_temple_overflow_open, minmay_misc_feat_iff
D:4:      layout_basic, nicolae_overflow_quartered_altars, serial_shops,
          nicolae_diamond_shop

Skill      XL: |  1  2  3 |
---------------+----------+-----
Spellcasting   | 5 |  5.3
Necromancy     | 1 |  1.2
Dodging        | 1 |  1.0
Short Blades   | |  0.8
Stealth        | |  1.7
Shields        | |  1.5
Conjurations   | |  0.1
Translocations | |  2.4
Invocations    | |  1.0

Action                     || total
---------------------------++-------
  Melee: Short sword       ||    92
         Club              ||     2
   Cast: Magic Dart        ||    29
         Vampiric Draining ||     3
         Apportation       ||     2
   Stab: Sleeping          ||     2
 Armour: Robe              ||    25
  Dodge: Dodged            ||    48
  Block: Buckler           ||    11
